 Dungeon Crawl Stone Soup version 0.22-a0-388-g09e6169d0a (webtiles) character file.

101 Minion the Conjurer (level 4, -1/24 HPs)
             Began as a Deep Elf Conjurer on Apr 30, 2018.
             Slain by a gnoll
             ... wielding a +0 whip
              (6 damage)
             ... on level 3 of the Dungeon.
             The game lasted 00:04:24 (1805 turns).

Minion the Conjurer (Deep Elf Conjurer)             Turns: 1805, Time: 00:04:25

Health: -1/24      AC:  4    Str:  5    XL:     4   Next: 48%
Magic:  1/12       EV:  8    Int: 21    God:
Gold:   130        SH:  0    Dex: 15    Spells: 7/12 levels left

rFire    . . .     SeeInvis .   (no weapon)
rCold    . . .     Gourm    +   (no shield)
rNeg     . . .     Faith    .   a - +0 robe
rPois    .         Spirit   .   p - +0 helmet (curse)
rElec    .         Reflect  .   (no cloak)
rCorr    .         Harm     .   d - +0 pair of gloves
MR       .....                  (no boots)
Stlth    ++........             j - amulet of the gourmand
HPRegen  0.08/turn              b - ring of wizardry
MPRegen  0.13/turn              f - +1 ring of evasion

@: held
A: no striking features
a: no special abilities


You were on level 3 of the Dungeon.
You were completely stuffed.

You visited 1 branch of the dungeon, and saw 3 of its levels.

You collected 130 gold pieces.

Inventory:

Armour
 a - a +0 robe (worn)
 d - a +0 pair of gloves (worn)
 p - a cursed +0 helmet (worn)
Jewellery
 b - a ring of wizardry (left hand)
 f - a +1 ring of evasion (right hand)
 j - an amulet of the gourmand (around neck)
Scrolls
 k - a scroll of fog {unknown}
 m - 3 scrolls of identify {unknown}
 n - a scroll of teleportation
 o - a scroll of fear {unknown}
Potions
 e - a potion of brilliance
 h - a potion of curing {unknown}
 i - a potion of flight {unknown}
 l - a potion of mutation {unknown}
Comestibles
 c - 3 rations
 g - 2 chunks of flesh


   Skills:
 + Level 3.4 Dodging
 - Level 2.4 Stealth
 * Level 4.6 Spellcasting
 * Level 5.3 Conjurations


You had 7 spell levels left.
You knew the following spells:

 Your Spells              Type           Power        Failure   Level  Hunger
a - Magic Dart            Conj           ####         1%          1    None
b - Force Lance           Conj/Tloc      ###.....     16%         4    ####...


Dungeon Overview and Level Annotations

Branches:
Dungeon (3/15)

Altars:
Okawaru
Yredelemnul


Message History

The gnoll is almost dead.
The gnoll hits you from afar with a spear.
Casting: Magic Dart (safe; 1% risk of failure)
Confirm with . or Enter, or press ? or * to list all spells.
Aiming: Magic Dart (safe; 1% risk of failure)
Press: ? - help, Shift-Dir - straight line, f/p - gnoll
Aim: a gnoll, wielding a spear (almost dead)
The magic dart hits the gnoll.
You kill the gnoll!
You struggle against the net.
You struggle against the net.
You struggle against the net.
The gnoll hits you with a whip!
You rip the net and break free!
The gnoll hits you!
* * * LOW HITPOINT WARNING * * *
The gnoll misses you.
The gnoll throws a throwing net.
The throwing net hits you.
You become entangled in the net!
You see here a throwing net.
You struggle against the net.
The gnoll hits you with a whip.
You die...

###
..#
####.#
#gg@.#
#.##.#
#<##<#
#.#..#
#.#..#
#.#..#
..#..#
###..#
#..#


You could see 2 gnolls.

Vanquished Creatures
  2 gnolls (D:3)
  An adder (D:2)
  An ooze (D:1)
  2 worms (D:2)
  2 dart slugs
  2 leopard geckos
  An orc (D:2)
  8 bats
  3 giant cockroaches (D:1)
  8 goblins
  8 hobgoblins (D:2)
  2 quokkas (D:2)
  3 frilled lizards
  5 kobolds
  5 rats
53 creatures vanquished.

Notes
Turn   | Place    | Note
-------+----------+-------------------------------------------
     0 | D:1      | Minion the Deep Elf Conjurer began the quest for the Orb.
     0 | D:1      | Reached XP level 1. HP: 10/10 MP: 6/6
   190 | D:1      | Reached XP level 2. HP: 15/15 MP: 0/8
   550 | D:1      | Reached XP level 3. HP: 19/19 MP: 3/10
   887 | D:2      | Reached skill level 5 in Conjurations
   983 | D:2      | Found a basalt altar of Yredelemnul.
  1401 | D:2      | Reached XP level 4. HP: 24/24 MP: 6/12
  1602 | D:2      | Found an iron altar of Okawaru.
  1789 | D:3      | Learned a level 4 spell: Force Lance
  1805 | D:3      | Slain by a gnoll

Vault maps used:
D:1:      lemuel_arrival_muddy, due_unseen_surprise
D:2:      overflow_temple_1_default, overflow_temple_1_default
D:3:      makhleb_blood_cavern_becter, gammafunk_temple_overflow_claw

Skill      XL: |  1  2  3 |
---------------+----------+-----
Spellcasting   | 4 |  4.6
Conjurations   | 5 |  5.3
Dodging        | 3 |  3.4
Stealth        | |  2.4

Action                   |  1- 3 |  4- 6 || total
-------------------------+-------+-------++-------
 Cast: Magic Dart        |   102 |    14 ||   116
       Force Lance       |       |     2 ||     2
  Use: Scroll            |     2 |       ||     2
       Potion            |     1 |       ||     1
  Eat: Chunk             |    15 |     2 ||    17
Armor: Robe              |     2 |       ||     2
Dodge: Dodged            |     5 |     4 ||     9

Table legend:
 A = Spawn XP
 B = Non-spawn XP
 C = Spawn XP percentage of total XP
 D = Spawn monster count
 E = Non-spawn monster count
 F = Spawn count percentage of total count
 G = Total turns spent on level
                    A         B        C        D         E        F      G
               +---------+---------+-------+---------+---------+-------+---------
         Total |       0 |     145 |   0.0 |       0 |      53 |   0.0 |  1805
               +---------+---------+-------+---------+---------+-------+---------
           D:1 |       0 |      45 |   0.0 |       0 |      21 |   0.0 |   790
           D:2 |       0 |      72 |   0.0 |       0 |      30 |   0.0 |   993
           D:3 |       0 |      28 |   0.0 |       0 |       2 |   0.0 |    22
               +---------+---------+-------+---------+---------+-------+---------
